 Seeded DCSS version 0.32-a0-893-gf85d74f360 (webtiles) character file.

Game seed: 20240403 (custom seed)

277 Orlauf the Twirler (level 6, 0/48 HPs)
             Began as a Demonspawn Gladiator on Apr 3, 2024.
             Incinerated by a bombardier beetle (5 damage)
             ... with a burning spray
             ... on level 4 of the Dungeon.
             The game lasted 00:03:54 (2714 turns).

Orlauf the Twirler (Demonspawn Gladiator)           Turns: 2714, Time: 00:03:55

Health: 0/48       AC: 20    Str: 16    XL:     6   Next: 4%
Magic:  6/6        EV:  7    Int:  9    God:
Gold:   200        SH:  0    Dex: 14    Spells: 5/5 levels left

rFire   . . .        a - +0 quarterstaff (protect)
rCold   . . .        (shield currently unavailable)
rNeg    . . .        j - +0 chain mail
rPois   .            c - +0 helmet
rElec   .            (no cloak)
rCorr   .            (no gloves)
SInv    .            (no boots)
Will    .....        (no amulet) Stlth
                     g - +4 ring of protection
HPRegen 0.28/turn    (no ring)
MPRegen 0.10/turn

%: no passive effects
@: on fire, under a protective aura, glowing
A: claws 1, powered by pain 2
a: no special abilities


You were on level 4 of the Dungeon.
You visited 1 branch of the dungeon, and saw 4 of its levels.

You collected 211 gold pieces.
You spent 11 gold pieces at shops.

Inventory:

Hand Weapons
 a - a +0 quarterstaff of protection (weapon)
 b - a +0 demon trident of electrocution
Missiles
 d - a throwing net (quivered)
 l - 3 silver javelins
Armour
 c - a +0 helmet (worn)
 j - a +0 chain mail (worn)
Jewellery
 g - a +4 ring of protection (left claw)
Scrolls
 m - a scroll of poison
Potions
 f - 3 potions of curing
 h - a potion of might {unknown}
 k - a potion of mutation


   Skills:
 * Level 4.2 Fighting
 + Level 4.9 Staves
 - Level 1.7 Throwing
 + Level 1.1 Armour
 - Level 2.6 Dodging


You had 5 spell levels left.
You didn't know any spells.
Your spell library contained the following spells:

 Spells                   Type           Power      Damage    Failure   Level
 Cigotuvi's Dreadful Rot  Necr/Alch/Air  0%         N/A       100%        2
 Ignite Poison            Fire/Alch      0%         N/A       100%        4
 Freezing Cloud           Conj/Ice/Air   0%         6-21      100%        5


Dungeon Overview and Level Annotations

Branches:
Dungeon (4/15)
 Temple: D:4-7

Altars:
Makhleb

Shops:
D:2 !


Innate Abilities, Weirdness & Mutations

You have sharp fingernails.
You sometimes gain power by taking damage.


Message History

The bombardier beetle barely misses you.
You barely miss the bombardier beetle.
The bombardier beetle is severely wounded.
The liquid fire burns you! The iguana bites you.
You hit the bombardier beetle but do no damage.
The bombardier beetle is severely wounded.
The liquid fire burns you!
The bombardier beetle sprays incendiary fluid at you.
The burning spray hits you.
You are even more covered in liquid fire!
The iguana barely misses you.
You barely miss the bombardier beetle.
The bombardier beetle is severely wounded.
The liquid fire burns you! The iguana bites you.
* * * LOW HITPOINT WARNING * * *
The bombardier beetle sprays incendiary fluid at you.
The burning spray misses you.
You sock the bombardier beetle!
You kill the bombardier beetle!
The liquid fire burns you!
* * * LOW HITPOINT WARNING * * *
The iguana closely misses you.
You have reached level 6!
You feel better. The liquid fire burns you! The iguana bites you.
You hit the iguana but do no damage. The liquid fire burns you!
* * * LOW HITPOINT WARNING * * *
The iguana bites you but does no damage.
You shake off some of the fire as you move.
The liquid fire burns you!
* * * LOW HITPOINT WARNING * * *
The iguana attacks as it pursues you! The iguana bites you.
* * * LOW HITPOINT WARNING * * *
You shake off some of the fire as you move.
The liquid fire burns you!
You die...

.[...... #.....$.#..
####.......#.. .
###....>#......#
..#..............#
.....##...#.......
..........#...(##..
.##..@.l........ ##
###....##.#....##. #.
##....# #......# ###.#
#..<# #......#
#....###..## #.†....#
#....#....# ###......#
#....#..#######........#
#.......#..............#
#.........######)......#


You could see an iguana.

Vanquished Creatures
  A black bear (D:4)
  2 bombardier beetles
  An orc wizard (D:3)
  2 adders
  A dart slug (D:3)
  4 orcs
  3 ball pythons
  9 bats
  5 endoplasms
  2 giant cockroaches
  7 goblins
  5 hobgoblins
  5 jackals (D:1)
  8 kobolds
  5 quokkas
  4 frilled lizards
  6 rats
70 creatures vanquished.

Notes
Turn   | Place    | Note
-------+----------+-------------------------------------------
     0 | D:1      | Orlauf the Demonspawn Gladiator began the quest for the
                  | Orb.
     0 | D:1      | Reached XP level 1. HP: 16/16 MP: 1/1
   104 | D:1      | Gained mutation: You have sharp fingernails. [demonic
                  | ancestry]
   104 | D:1      | Reached XP level 2. HP: 22/22 MP: 2/2
   513 | D:1      | Gained mutation: You sometimes gain a little power by
                  | taking damage. [demonic ancestry]
   513 | D:1      | Reached XP level 3. HP: 27/28 MP: 3/3
  1396 | D:2      | Found Luasuj's Distillery.
  1406 | D:2      | Bought a potion of degeneration for 11 gold pieces
  1525 | D:2      | Found a burning altar of Makhleb.
  1613 | D:2      | Reached XP level 4. HP: 32/34 MP: 4/4
  1882 | D:3      | Gained mutation: You sometimes gain power by taking damage.
                  | [demonic ancestry]
  1882 | D:3      | Reached XP level 5. HP: 38/41 MP: 5/5
  1965 | D:3      | Found a faded altar of an unknown god.
  2646 | D:4      | Noticed a black bear
  2666 | D:4      | Killed a black bear
  2667 | D:4      | Reached skill level 1 in Armour
  2711 | D:4      | Reached XP level 6. HP: 9/48 MP: 6/6
  2714 | D:4      | Incinerated by a bombardier beetle

Illustrated notes

Levels and vault maps discovered:
D:1:      evilmike_arrival_rings, layout_loops_corners, minmay_domino_4
D:2:      layout_loops_cross, basic_altar, serial_shops, nicolae_lakefront_shop
D:3:      layout_basic, hellmonk_ecumenical_altar_zigzags
D:4:      layout_rooms

Skill      XL: |  1  2  3  4  5 |
---------------+----------------+-----
Staves         | 3 4 |  4.9
Fighting       | 3 4 |  4.2
Armour         | 1 |  1.1
Throwing       | |  1.7
Dodging        | |  2.6

Action                     |  1- 3 |  4- 6 || total
---------------------------+-------+-------++-------
  Melee: Quarterstaff      |   119 |    75 ||   194
  Throw: Throwing net      |       |     2 ||     2
         Javelin           |       |     1 ||     1
    Use: Scroll            |     2 |     4 ||     6
         Potion            |       |     1 ||     1
   Stab: Sleeping          |     1 |       ||     1
 Armour: Leather armour    |    47 |       ||    47
         Ring mail         |    27 |    20 ||    47
         Chain mail        |       |    51 ||    51
  Dodge: Dodged            |    81 |    17 ||    98

Table legend: (Time is in decaauts)
 A = Elapsed time spent in this place.
 B = Non-inter-level travel time spent in this place.
 C = Inter-level travel time spent in this place.
 D = Time resting spent in this place.
 E = Time spent auto-exploring this place.
 F = Levels seen in this place.
 G = Mean time per level.
                   A        B        C        D        E       F      G
               +--------+--------+--------+--------+--------+-----+--------+
         Total |   2734 |   2599 |    135 |    150 |   1943 |   4 |  683.5 |
       Dungeon |   2734 |   2599 |    135 |    150 |   1943 |   4 |  683.5 |
               +--------+--------+--------+--------+--------+-----+--------+

Top non-repeatable levels by time:
     D:1: 1099 daAuts
     D:3: 891 daAuts
     D:2: 646 daAuts
     D:4: 96 daAuts
